 Dungeon Crawl Stone Soup version 0.18-a0-128-g78ce890 (webtiles) character file.

124400 Duffy the Eclecticist (level 16, 114/114 HPs)
             Began as a High Elf Conjurer on Nov 22, 2015.
             Was the Champion of Vehumet.
             Quit the game on level 4 of the Orcish Mines.
             The game lasted 01:25:21 (44968 turns).

Duffy the Eclecticist (High Elf Conjurer)          Turns: 44968, Time: 01:25:21

Health: 114/114    AC: 19    Str:  8    XL:     16   Next: 39%
Magic:  45/45      EV: 25    Int: 26    God:    Vehumet [******]
Gold:   561        SH:  8    Dex: 19    Spells: 10 memorised, 1 level left

rFire  . . .     SeeInvis .     a - +1 Staff of Olgreb {rPois}
rCold  . . .     Clarity  .     O - +2 robe {Archmagi}
rNeg   . . .     SustAt   .     Q - +2 buckler {AC+3}
rPois  ∞         Gourm    .     k - +0 helmet
rElec  .         Spirit   .     W - +0 cloak
rCorr  .         Warding  .     I - +2 pair of gloves {Dex+3}
rMut   .         Stasis   .     s - +0 pair of boots
MR     +....                    (no amulet)
Stlth  +++.......               e - ring of magical power
                                M - +5 ring of protection

@: somewhat resistant to hostile enchantments, fairly stealthy
A: no striking features
a: Renounce Religion


You were on level 4 of the Orcish Mines.
You worshipped Vehumet.
Vehumet was exalted by your worship.
You were not hungry.

You visited 4 branches of the dungeon, and saw 28 of its levels.
You also visited: Bailey.

You collected 2685 gold pieces.
You spent 2124 gold pieces at shops.


   Skills:
 - Level 12.0 Fighting
 - Level 6.2 Armour
 - Level 14.4 Dodging
 - Level 5.5 Stealth
 - Level 4.0 Shields
 - Level 15.2 Spellcasting
 - Level 15.0 Conjurations
 - Level 3.0 Hexes
 + Level 5.0 Charms
 + Level 0.0 Air Magic
   Level 6.0 Earth Magic
 + Level 5.0 Poison Magic


You had one spell level left.
You knew the following spells:

 Your Spells              Type           Power        Failure   Level  Hunger
a - Magic Dart            Conj           ####         0%          1    None
c - Iskenderun's Mystic   Conj           #######.     1%          4    None
d - Iskenderun's Battles  Conj/Chrm      #######.     1%          5    #......
e - Fulminant Prism       Conj/Hex       #######...   1%          4    None
r - Regeneration          Chrm/Necr      #####.....   3%          3    None
t - Orb of Destruction    Conj           #######...   1%          7    ######.
v - Poison Arrow          Conj/Pois      ########..   2%          6    ####...
H - Haste                 Chrm           ######..     63%         6    ####...
M - Deflect Missiles      Chrm/Air       #####.....   98%         6    ####...
N - Swiftness             Chrm/Air       #####...     1%          2    None

Inventory:

Hand Weapons
 a - the +1 Staff of Olgreb (weapon) {rPois}

   It protects you from poison.
 u - a +2 dagger of venom
Missiles
 f - 4 curare-tipped needles
 n - 88 poisoned needles
 x - 8 throwing nets (quivered)
Armour
 k - a +0 helmet (worn)
 s - a +0 pair of boots (worn)
 I - a +2 pair of gloves of dexterity (worn)
 O - a +2 robe of the Archmagi (worn)
 Q - a +2 buckler of protection (worn)
 W - a +0 cloak (worn)
Jewellery
 e - a ring of magical power (right hand)
 p - an uncursed ring of see invisible
 M - a +5 ring of protection (left hand)
 P - an uncursed ring of protection from magic
Wands
 j - a wand of paralysis (13)
 m - a wand of cold (6)
 C - a wand of invisibility (6)
 U - a wand of cold (10)
 X - a wand of cold (7)
Scrolls
 g - 4 scrolls of enchant armour
 h - 2 scrolls of amnesia
 l - 4 scrolls of teleportation
 q - a scroll of fear
 v - 2 scrolls of identify
 w - a scroll of holy word
 y - 3 scrolls of magic mapping
 E - a scroll of vulnerability
 G - a scroll of fog
 H - 2 scrolls of remove curse
 L - a scroll of recharging
 R - 4 scrolls of blinking
 Z - 3 scrolls of immolation
Potions
 d - 8 potions of curing
 i - 2 potions of heal wounds
 o - a potion of invisibility
 r - 3 potions of resistance
 z - 3 potions of cure mutation
 A - 4 potions of might
 B - 4 potions of haste
 K - 2 potions of brilliance
 V - 2 potions of flight
Books
 t - a book of Air
Comestibles
 c - 14 bread rations
 D - 9 meat rations
 F - a slice of pizza
 S - 6 fruits

Dungeon Overview and Level Annotations

Branches:
Dungeon (15/15)            Temple (1/1) D:7            Lair (8/8) D:9
  Swamp (0/4) Lair:5        Snake (0/4) Lair:3        Slime (0/6) Lair:7
    Orc (4/4) D:11            Elf (0/3) Orc:3        Vaults (0/5) D:13
 Depths (0/5) D:15

Altars:
Ashenzari
Cheibriados
Dithmenos
Elyvilon
Fedhas
Gozag
Kikubaaqudgha
Makhleb
Nemelex Xobeh
Okawaru
Qazlal
Ru
Sif Muna
Trog
Vehumet
Xom
Yredelemnul
Zin
The Shining One
Beogh

Shops:
D:8 ?[!   D:9 ?   Orc:4 [(%*


Message History

Memorise Regeneration, consuming 3 spell levels and leaving 1?
You start memorising the spell.
You continue memorising.
You continue memorising. x2
You are feeling hungry.
You finish memorising.
Spell assigned to 'b'.
Adjust (i)tems, (s)pells, or (a)bilities?
Adjust which spell? b - Regeneration Adjust to which letter? r - Regeneration; b - Orb of Destruction Eating one of 4 chunks of flesh.
This raw flesh tastes terrible.
You continue eating. x2
Done exploring.
Done exploring.
Done exploring.
Adjust (i)tems, (s)pells, or (a)bilities?
Adjust which spell? b - Orb of Destruction Adjust to which letter? t - Orb of Destruction Done exploring.
Things that are here:
a plate armour; a battleaxe
There is an open door, spattered with blood here.
Items here: ))) [[ a dagger; a leather armour; a war axe; a robe; a dagger All of the chunks of flesh in your inventory have rotted away.
Things that are here:
a mace; a leather armour; a dire flail of crushing
Items here: ))) [[[
There is an open door here.
Things that are here:
a plate armour; a war axe You see here a steel tomahawk.
Are you sure you want to abandon this character and quit the game? (Confirm with "yes".)

..#...#...)[##......#####......#.
.#.#.#....)#.#................#..
......#..#...)..#......#.....###.
.#.#...........#[...............#
..#...........)#.................
.###.......##.[[.................
#.##.....)..[[...<[..............
...........[..(..(...#########..#
...#.#..........@....##..).)['...
##..###.#......<.....#..[#.8[#...
_#.## ##.............#...#.).#..#
)#.####..###'#.......#_..#####...
(#..#....#...#.......#.....8.#...
.#.......#.8[#.......#.....:∩#...
'#.......#..[#.......##....8.#...
....#....#####.......#########...
.................................


There were no monsters in sight!

Action                   |  1- 3 |  4- 6 |  7- 9 | 10-12 | 13-15 | 16-18 || total
-------------------------+-------+-------+-------+-------+-------+-------++-------
Melee: Dagger            |       |     5 |     2 |     2 |     8 |     8 ||    25
       Staff             |       |       |       |       |       |     5 ||     5
 Cast: Magic Dart        |    75 |    56 |   213 |   339 |   224 |    57 ||   964
       Searing Ray       |     1 |    20 |    43 |    15 |       |       ||    79
       Iskenderun's Myst |       |       |    13 |   103 |   587 |   249 ||   952
       Iskenderun's Batt |       |       |    29 |    83 |   115 |    31 ||   258
       Fulminant Prism   |       |       |       |    18 |    45 |       ||    63
       Iron Shot         |       |       |       |       |     2 |     3 ||     5
       Poison Arrow      |       |       |       |       |       |    21 ||    21
  Use: Scroll            |     1 |       |     3 |     9 |    18 |     1 ||    32
       Potion            |       |       |       |       |     1 |       ||     1
  Eat: Chunk             |     4 |     7 |    25 |    43 |    40 |    22 ||   141
       Fruit             |       |       |       |     4 |     2 |       ||     6
       Beef jerky        |       |       |       |     2 |     4 |     2 ||     8
       Royal jelly       |       |       |       |     1 |       |       ||     1
       Pizza             |       |       |       |       |     6 |       ||     6

Notes
Turn   | Place    | Note
--------------------------------------------------------------
     0 | D:1      | Duffy the High Elf Conjurer began the quest for the Orb.
     0 | D:1      | Reached XP level 1. HP: 11/11 MP: 4/4
   322 | D:1      | Reached XP level 2. HP: 4/17 MP: 0/6
   608 | D:1      | Learned a level 2 spell: Searing Ray
   956 | D:1      | Reached skill level 3 in Spellcasting
  1031 | D:1      | Reached skill level 5 in Conjurations
  1294 | D:2      | Reached XP level 3. HP: 21/21 MP: 8/8
  1380 | D:2      | Found an opulent altar of Gozag.
  2364 | D:3      | Noticed plantmann's ghost (amateur SpEn)
  2375 | D:3      | Killed plantmann's ghost
  2375 | D:3      | Reached skill level 6 in Conjurations
  2375 | D:3      | Reached XP level 4. HP: 24/27 MP: 8/10
  2457 | D:3      | Learned a level 4 spell: Fulminant Prism
  2627 | D:4      | Reached XP level 5. HP: 31/31 MP: 11/11
  2628 | D:4      | Reached skill level 4 in Spellcasting
  2712 | D:4      | Learned a level 4 spell: Iskenderun's Mystic Blast
  2898 | D:3      | Reached skill level 1 in Hexes
  2898 | D:3      | Reached XP level 6. HP: 19/36 MP: 13/13
  3186 | D:3      | Reached skill level 7 in Conjurations
  3699 | D:4      | Got a translucent whip
  4221 | D:4      | Reached skill level 2 in Hexes
  4440 | D:4      | Reached skill level 5 in Spellcasting
  4440 | D:4      | Reached XP level 7. HP: 38/41 MP: 15/15
  4450 | D:4      | Learned a level 5 spell: Iskenderun's Battlesphere
  4586 | D:5      | Entered Level 5 of the Dungeon
  4593 | D:5      | Reached skill level 1 in Charms
  4648 | D:5      | Found a snail-covered altar of Cheibriados.
  4652 | D:5      | Reached skill level 8 in Conjurations
  4886 | D:5      | Reached skill level 2 in Charms
  5105 | D:5      | Found a burning altar of Makhleb.
  5438 | D:5      | Reached skill level 3 in Hexes
  5500 | D:5      | Reached skill level 3 in Charms
  5500 | D:5      | Reached XP level 8. HP: 32/46 MP: 17/17
  5926 | D:6      | Reached skill level 6 in Spellcasting
  5926 | D:6      | Reached skill level 9 in Conjurations
  6062 | D:6      | Found an ancient bone altar of Kikubaaqudgha.
  6406 | D:6      | Reached skill level 4 in Charms
  6768 | D:7      | Noticed nublet's ghost (novice DrTm)
  7137 | D:6      | Reached skill level 10 in Conjurations
  7180 | D:6      | Reached skill level 7 in Spellcasting
  7180 | D:6      | Reached skill level 5 in Charms
  7389 | D:6      | Reached XP level 9. HP: 51/51 MP: 17/20
  7890 | D:6      | Reached skill level 1 in Fighting
  8491 | D:6      | Reached skill level 2 in Fighting
  9022 | D:6      | Identified the +3 whip "Ipuzucil" {flame, Int+3 Dex-5 Stlth+} (You found it on level 4 of the Dungeon)
  9201 | D:7      | Found an iron altar of Okawaru.
  9209 | D:7      | Killed nublet's ghost
  9209 | D:7      | Reached skill level 3 in Fighting
  9209 | D:7      | Reached skill level 8 in Spellcasting
  9209 | D:7      | Reached skill level 11 in Conjurations
  9450 | D:7      | Noticed Prince Ribbit
  9454 | D:7      | Killed Prince Ribbit
  9699 | D:7      | Reached skill level 4 in Fighting
  9773 | D:7      | Reached XP level 10. HP: 63/63 MP: 23/23
 10403 | D:7      | Found a staircase to the Ecumenical Temple.
 10410 | Temple   | Entered the Ecumenical Temple
 10666 | Temple   | Became a worshipper of Vehumet
 10709 | D:7      | Found a sparkling altar of Nemelex Xobeh.
 10852 | D:7      | Found a shadowy altar of Dithmenos.
 10934 | D:8      | Reached skill level 12 in Conjurations
 11117 | D:8      | Reached skill level 9 in Spellcasting
 11314 | D:8      | Found Zukiro's Armour Shoppe.
 11322 | D:8      | Bought a +2 robe of the Archmagi for 377 gold pieces
 11337 | D:8      | Bought a +0 pair of gloves of dexterity for 115 gold pieces
 11361 | D:8      | Found Uvaarour's Distillery.
 11403 | D:8      | Reached skill level 3 in Dodging
 11548 | D:8      | Reached skill level 5 in Fighting
 11626 | D:8      | Found Bukler's Magic Scroll Shop.
 11632 | D:8      | Bought a scroll of remove curse for 42 gold pieces
 11837 | D:8      | Found a shattered altar of Ashenzari.
 12025 | D:9      | Found a glowing silver altar of Zin.
 12245 | D:9      | Reached * piety under Vehumet
 12245 | D:9      | Offered knowledge of Shock by Vehumet.
 12292 | D:9      | Found a shimmering altar of Xom.
 12478 | D:9      | Reached skill level 4 in Dodging
 12588 | D:9      | Found Woadamau's Magic Scroll Emporium.
 12723 | D:9      | Found a staircase to the Lair.
 12955 | D:10     | Entered Level 10 of the Dungeon
 13306 | D:10     | Reached skill level 6 in Fighting
 13395 | D:10     | Noticed an unseen horror
 13399 | D:10     | Killed an unseen horror
 13399 | D:10     | Reached skill level 6 in Dodging
 13525 | D:10     | Noticed a hill giant
 13530 | D:10     | Killed a hill giant
 13530 | D:10     | Reached skill level 7 in Dodging
 13636 | D:10     | Identified the Handbook of Fiery Combat Magic (You found it on level 10 of the Dungeon)
 14141 | Lair:1   | Entered Level 1 of the Lair of Beasts
 14290 | Lair:1   | Noticed a black mamba
 14296 | Lair:1   | Killed a black mamba
 14348 | Lair:1   | Reached skill level 8 in Dodging
 14348 | Lair:1   | Reached XP level 11. HP: 72/72 MP: 22/25
 14806 | Lair:1   | Offered knowledge of Sandblast by Vehumet.
 14961 | Lair:2   | Reached ** piety under Vehumet
 14961 | Lair:2   | Reached skill level 9 in Dodging
 14967 | Lair:2   | Noticed PeterLawrence's ghost (journeyman GrFi)
 15428 | Lair:2   | Killed PeterLawrence's ghost
 15663 | Lair:2   | Reached skill level 10 in Dodging
 15765 | Lair:2   | Reached skill level 1 in Shields
 15940 | Lair:2   | Reached skill level 2 in Shields
 15990 | Lair:2   | Identified Theurgy Continued (You found it on level 2 of the Lair of Beasts)
 16243 | D:8      | Bought a +2 buckler of protection for 215 gold pieces
 16336 | Lair:3   | Reached skill level 3 in Shields
 16555 | Lair:3   | Reached skill level 4 in Shields
 16715 | Lair:3   | Reached skill level 3 in Stealth
 16771 | Lair:3   | Reached skill level 4 in Stealth
 16889 | Lair:3   | Offered knowledge of Inner Flame by Vehumet.
 16938 | Lair:3   | Found a staircase to the Snake Pit.
 16962 | Lair:3   | Reached skill level 5 in Stealth
 17077 | Lair:3   | Reached *** piety under Vehumet
 17318 | Lair:3   | Noticed a lindwurm
 17321 | Lair:3   | Noticed a lindwurm
 17324 | Lair:3   | Noticed a lindwurm
 17438 | Lair:3   | Noticed a lindwurm
 17441 | Lair:3   | Killed a lindwurm
 17447 | Lair:3   | Killed a lindwurm
 17463 | Lair:3   | Killed a lindwurm
 17463 | Lair:3   | Reached skill level 7 in Fighting
 17484 | Lair:3   | Killed a lindwurm
 17540 | Lair:3   | Reached XP level 12. HP: 81/81 MP: 12/26
 17900 | Lair:4   | Reached skill level 10 in Spellcasting
 18004 | Lair:4   | Offered knowledge of Olgreb's Toxic Radiance by Vehumet.
 18297 | Lair:4   | Noticed a catoblepas
 18309 | Lair:4   | Killed a catoblepas
 18309 | Lair:4   | Reached skill level 8 in Fighting
 18827 | Lair:4   | Reached skill level 11 in Spellcasting
 19830 | Lair:5   | Found a staircase to the Swamp.
 19917 | Lair:5   | Reached skill level 9 in Fighting
 20108 | Lair:5   | Reached **** piety under Vehumet
 20179 | Lair:5   | Offered knowledge of Conjure Flame by Vehumet.
 21102 | Lair:6   | Noticed an eight-headed hydra
 21107 | Lair:6   | Noticed a four-headed hydra
 21111 | Lair:6   | Killed an eight-headed hydra
 21192 | Lair:6   | Killed a four-headed hydra
 21192 | Lair:6   | Reached skill level 12 in Spellcasting
 21384 | Lair:4   | Reached skill level 13 in Conjurations
 21763 | Lair:6   | Reached XP level 13. HP: 72/90 MP: 0/30
 22145 | Lair:6   | Found a burning altar of Makhleb.
 22698 | Lair:7   | Found a radiant altar of Vehumet.
 22717 | Lair:7   | Reached skill level 13 in Spellcasting
 23338 | Lair:7   | Reached skill level 14 in Conjurations
 23554 | Lair:7   | Found a staircase to the Slime Pits.
 24151 | Lair:7   | Reached ***** piety under Vehumet
 24151 | Lair:7   | Offered knowledge of Spellforged Servitor by Vehumet.
 24213 | Lair:7   | Reached skill level 14 in Spellcasting
 25207 | Lair:7   | Reached skill level 15 in Conjurations
 25370 | Lair:8   | Entered Level 8 of the Lair of Beasts
 25401 | Lair:8   | Reached XP level 14. HP: 79/97 MP: 33/33
 25870 | Lair:8   | Reached skill level 10 in Fighting
 26525 | Lair:8   | Reached skill level 11 in Dodging
 27361 | Lair:8   | Reached skill level 12 in Dodging
 27711 | Lair:8   | Reached skill level 13 in Dodging
 28541 | Lair:3   | Reached skill level 14 in Dodging
 28661 | D:9      | Bought a scroll of identify for 22 gold pieces
 28661 | D:9      | Bought a scroll of identify for 22 gold pieces
 28661 | D:9      | Bought a scroll of identify for 22 gold pieces
 28661 | D:9      | Bought a scroll of identify for 22 gold pieces
 28714 | D:8      | Bought a scroll of identify for 28 gold pieces
 28714 | D:8      | Bought a scroll of identify for 28 gold pieces
 28714 | D:8      | Bought a scroll of identify for 28 gold pieces
 28762 | D:9      | Bought a scroll of teleportation for 33 gold pieces
 28762 | D:9      | Bought a scroll of blinking for 82 gold pieces
 28834 | D:11     | Noticed Grum
 28837 | D:11     | Killed Grum
 28900 | D:11     | Offered knowledge of Lightning Bolt by Vehumet.
 29075 | D:11     | Noticed Snorg
 29079 | D:11     | Killed Snorg
 29255 | D:11     | Found a staircase to the Orcish Mines.
 29316 | D:11     | Found a roughly hewn altar of Beogh.
 29850 | D:11     | Noticed Josephine
 29856 | D:11     | Killed Josephine
 30785 | D:12     | Noticed Nergalle
 30793 | D:12     | Killed Nergalle
 30793 | D:12     | Reached XP level 15. HP: 105/105 MP: 31/34
 30800 | D:12     | Noticed Harold
 30806 | D:12     | Killed Harold
 31044 | D:12     | Noticed Nessos
 31051 | D:12     | Killed Nessos
 31051 | D:12     | Reached skill level 11 in Fighting
 31364 | D:12     | Reached ****** piety under Vehumet
 31400 | D:12     | Noticed nublet's ghost (journeyman DrMo)
 31404 | D:12     | Killed nublet's ghost
 31784 | D:12     | Offered knowledge of Venom Bolt by Vehumet.
 32156 | D:12     | Reached skill level 12 in Fighting
 32389 | D:11     | Reached skill level 1 in Armour
 32782 | D:13     | Found a snail-covered altar of Cheibriados.
 32792 | D:13     | Reached skill level 2 in Armour
 32852 | D:13     | Found a white marble altar of Elyvilon.
 33147 | D:13     | Noticed Maurice
 33151 | D:13     | Killed Maurice
 33541 | D:13     | Reached skill level 3 in Armour
 34138 | D:13     | Reached skill level 4 in Armour
 34218 | D:13     | Found a gate to the Vaults.
 34804 | D:14     | Reached skill level 5 in Armour
 35232 | D:14     | Found an opulent altar of Gozag.
 35310 | D:14     | Noticed Louise
 35319 | D:14     | Killed Louise
 35319 | D:14     | Reached skill level 6 in Armour
 35469 | D:14     | Offered knowledge of Iron Shot by Vehumet.
 35503 | D:14     | Learned a level 6 spell: Iron Shot
 35677 | D:14     | Reached skill level 1 in Earth Magic
 36078 | D:14     | Reached skill level 2 in Earth Magic
 36139 | D:15     | Entered Level 15 of the Dungeon
 36403 | D:15     | Reached skill level 3 in Earth Magic
 36432 | D:15     | Found a staircase to the Depths.
 36966 | D:14     | Reached skill level 4 in Earth Magic
 37662 | D:15     | Reached skill level 5 in Earth Magic
 38539 | D:15     | Reached skill level 6 in Earth Magic
 38541 | D:15     | Reached XP level 16. HP: 114/114 MP: 27/35
 39120 | Orc:1    | Entered Level 1 of the Orcish Mines
 39122 | Orc:1    | Offered knowledge of Orb of Destruction by Vehumet.
 39131 | Orc:1    | Learned a level 7 spell: Orb of Destruction
 39213 | Orc:1    | Found a flagged portal.
 39314 | Bailey   | Entered a bailey
 40035 | Orc:2    | Noticed Rupert
 40043 | Orc:2    | Killed Rupert
 40043 | Orc:2    | Reached skill level 15 in Spellcasting
 40369 | Orc:1    | Offered knowledge of Poison Arrow by Vehumet.
 40555 | Orc:1    | Learned a level 6 spell: Poison Arrow
 40789 | Orc:2    | Noticed Urug
 40975 | Orc:2    | Killed Urug
 40975 | Orc:2    | Reached skill level 1 in Poison Magic
 41508 | Orc:3    | Found a staircase to the Elven Halls.
 42197 | Orc:3    | Reached skill level 2 in Poison Magic
 42452 | Orc:3    | Found a roughly hewn altar of Beogh.
 42576 | Orc:4    | Entered Level 4 of the Orcish Mines
 42712 | Orc:4    | Reached skill level 3 in Poison Magic
 42893 | Orc:4    | Found a roughly hewn altar of Beogh.
 42895 | Orc:4    | Offered knowledge of Conjure Ball Lightning by Vehumet.
 43209 | Orc:4    | Found a roughly hewn altar of Beogh.
 43214 | Orc:4    | Found Cuuhuat's Assorted Antiques.
 43279 | Orc:4    | Found a roughly hewn altar of Beogh.
 43280 | Orc:4    | Found Haejuwun's Food Emporium.
 43424 | Orc:4    | Reached skill level 4 in Poison Magic
 44086 | Orc:4    | Found Mewuoq's Antique Armour Boutique.
 44087 | Orc:4    | Found a roughly hewn altar of Beogh.
 44090 | Orc:4    | Found Nahar's Antique Weapon Shop.
 44552 | Orc:4    | Found a roughly hewn altar of Beogh.
 44709 | Orc:4    | Reached skill level 5 in Poison Magic
 44907 | Orc:4    | Bought a hardcover book for 480 gold pieces
 44910 | Orc:4    | Bought a paperback book for 480 gold pieces
 44916 | Orc:4    | Bought a scroll of identify for 64 gold pieces
 44916 | Orc:4    | Bought a scroll of identify for 64 gold pieces
 44920 | Orc:4    | Learned a level 2 spell: Swiftness
 44927 | Orc:4    | Learned a level 6 spell: Haste
 44934 | Orc:4    | Learned a level 6 spell: Deflect Missiles
 44939 | Orc:4    | Learned a level 3 spell: Regeneration
 44968 | Orc:4    | Quit the game

Vault maps used:
D:1:      minmay_arrival_plants_in_alcoves
D:2:      grunt_gozag_statues
D:3:      first_bread
D:5:      bloody_makhleb, cheibriados_altar_1, minivault_11
D:6:      lemuel_castle_with_subvaults, lemuel_zombie_altar_kikubaaqudgha,
          minmay_ogre_servants
D:7:      nemelex_deck, okawaru_metal_pillars_1_2,
          nicolae_dithmenos_the_darkroom, minmay_temple_entry_enclosed_plants,
          the_bakery, minmay_misc_feat_more_columns, uniq_prince_ribbit1
D:8:      serial_shops, shop, nicolae_shop_stone, nicolae_shop_waterfront,
          cheibrodos_ashenzari_chains
D:9:      kennysheep_little_box, lair_0_dummy, basic_altar, serial_shops,
          kennysheep_mini, serial_bayou_crossing
D:11:     minmay_orc_entry_temple_large, roderic_cross_of_infinity,
          uniq_josephine, uniq_grum, uniq_snorg
D:12:     serial_bayou_pond_e, minmay_stone_trees_large, nooodl_food_tri,
          uniq_harold, uniq_nergalle, uniq_nessos
D:13:     david_vaults_5, basic_altar, elyvilon_altar_4, uniq_maurice
D:14:     basic_altar, nrook_uturn, uniq_louise
D:15:     gammafunk_depths_entry_grave, minmay_misc_feat_plants
Temple:   oiseaux_autumnal_temple_12
Lair:3:   minmay_snake_entry_spellcaster, nicolae_quartered_pool_medium,
          grunt_forest_stairs_basic, minmay_lindwurm_lava, grunt_megastairs_2
Lair:4:   minmay_lair_drake_nest, lemuel_fruit_fields
Lair:5:   kennysheep_abandoned_house, swamp_mist_pool, patterned_corridor
Lair:6:   basic_altar
Lair:7:   minmay_slime_entry_pillars, basic_altar, serial_bayou_shore_a
Lair:8:   evilmike_catoblepas_cave, zaba_anthell
Orc:1:    enter_bailey_3, portal_ice_cave_entry_animals_and_master
Orc:2:    uniq_rupert, uniq_urug
Orc:3:    nicolae_orc_accident_2, nicolae_orc_pool_cavern
Orc:4:    grunt_orc_community_town_hall, grunt_orc_community_big_house_1,
          grunt_orc_community_big_house_2, grunt_orc_community_house_1,
          grunt_orc_community_house_2, grunt_orc_community_house_1,
          grunt_orc_community_house_3
Bailey:   bailey_polearm_2, bailey

Vanquished Creatures
  Rupert
  2 orc warlords Louise Nessos
  An ettin Snorg
  A vault guard Josephine
  The ghost of nublet the Grappler, a journeyman DrMo of Kikubaaqudgha Harold
  8 hydras
  6 catoblepae
  The ghost of PeterLawrence the Basher, a journeyman GrFi of Okawaru
  4 tengu warriors
  23 death yaks Urug
  An orc high priest
  A queen ant
  A vampire mage Nergalle
  The ghost of nublet the Skirmisher, a novice DrTm of Kikubaaqudgha
  10 skeletal warriors
  4 unseen horrors
  3 orc knights
  6 hill giants
  4 griffons
  A necromancer
  5 lindwurms
  12 ugly things
  3 cyclopes
  A guardian serpent
  4 orc sorcerers
  A gargoyle
  3 centaur zombies Maurice
  9 black mambas
  10 elephants
  9 spiny frogs
  2 fire giant skeletons
  A torpor snail
  A redback zombie
  A kobold demonologist
  9 komodo dragons
  6 fire drakes
  A guardian mummy
  2 efreet
  13 trolls
  3 polar bears
  2 two-headed ogres
  10 blink frogs
  A slime creature
  3 boulder beetles Prince Ribbit
  An elf zombie
  29 yaks
  A spriggan
  2 deep elf magi
  A deep elf fighter
  An elf skeleton
  2 wyverns
  A steam dragon
  8 basilisks Grum
  5 wraiths
  7 vampire mosquitoes
  12 hippogriffs
  2 hungry ghosts
  2 mottled dragons
  A warg (shapeshifter)
  2 wargs
  17 wolves
  16 soldier ants
  18 water moccasins
  53 orc warriors
  A sky beast
  A necrophage
  5 ice beasts
  A black bear
  11 ogres
  2 phantoms
  15 porcupines
  13 centaurs
  An eye of draining
  16 crocodiles
  The ghost of plantmann the Covert, an amateur SpEn
  A wyvern zombie
  20 giant frogs
  A gnoll sergeant
  A water moccasin zombie
  A wyvern skeleton
  3 scorpions
  8 wights
  19 killer bees
  6 crimson imps
  3 giant frog zombies
  6 jellies
  7 hounds
  3 gnoll shamans
  9 iguanas
  37 orc priests
  2 hell rats
  7 centaur skeletons
  3 giant frog skeletons
  39 orc wizards
  49 worker ants
  A killer bee zombie
  27 sheep
  2 hound zombies
  A worker ant zombie
  12 adders
  44 gnolls
  43 river rats
  7 shadow imps
  An adder zombie
  An adder skeleton
  A worm
  6 giant geckos
  226 orcs
  3 ball pythons
  19 goblins
  10 hobgoblins
  5 quokkas
  4 bats
  4 giant cockroaches
  2 giant gecko zombies
  4 giant newts
  25 jackals
  A jackal skeleton
  4 kobolds
  A quokka skeleton
  12 rats
  A rat zombie
  63 fulminant prisms
  61 fungi
  48 plants
1314 creatures vanquished.
